 Dungeon Crawl Stone Soup version 0.29-a0-575-g0dc89cf053 (webtiles) character file.

Game seed: 723848084768714283

112 DocClef the Covert (level 4, 0/39 (41) HPs)
             Began as a Gnoll Delver on June 12, 2022.
             Slain by an orc wizard
             ... wielding a +0 dagger
              (2 damage)
             ... on level 3 of the Dungeon.
             The game lasted 00:00:49 (306 turns).

DocClef the Covert (Gnoll Delver)                    Turns: 306, Time: 00:00:49

HP:   0/39 (41)     AC:  3    Str: 12    XL:     4   Next: 95%
MP:   5/5           EV: 13    Int:  9    God:
Gold: 0             SH:  0    Dex: 15    Spells: 5/5 levels left

rFire   . . .      SeeInvis .   j - +1 short sword (venom)
rCold   . . .      Faith    .   (no shield)
rNeg    . . .      Spirit   .   b - +0 leather armour
rPois   .          Reflect  .   (no helmet)
rElec   .          Harm     .   (no cloak)
rCorr   .          Rampage  .   (no gloves)
Will    .....                   (no boots)
Stlth   ++++......              (no amulet)
HPRegen 0.13/turn               (no ring)
MPRegen 0.09/turn               (no ring)

@: lightly drained
A: fangs 1, strong nose, distributed training
a: no special abilities


You were on level 3 of the Dungeon.
You visited 1 branch of the dungeon, and saw 3 of its levels.

Inventory:

Hand Weapons
 a - a +0 short sword
 j - a +1 short sword of venom (weapon)
Armour
 b - a +0 leather armour (worn)
Wands
 g - a wand of digging (3)
Scrolls
 c - a scroll of fog
 d - a scroll of magic mapping
 e - a scroll of fear
 h - a scroll of enchant armour {unknown}
Potions
 f - a potion of haste
 i - a potion of mutation {unknown}


   Skills:
 + Level 6.6 Fighting
 + Level 4.7 Short Blades
 + Level 1.2 Long Blades
 + Level 1.2 Axes
 + Level 1.2 Maces & Flails
 + Level 1.2 Polearms
 + Level 1.2 Staves
 + Level 1.2 Slings
 + Level 1.2 Bows
 + Level 1.2 Crossbows
 + Level 1.2 Throwing
 + Level 1.2 Armour
 + Level 4.7 Dodging
 + Level 9.6 Stealth
 + Level 1.2 Shields
 + Level 1.2 Unarmed Combat
 + Level 1.2 Spellcasting
 + Level 1.0 Conjurations
 + Level 1.0 Hexes
 + Level 1.0 Summonings
 + Level 1.0 Necromancy
 + Level 1.0 Translocations
 + Level 1.0 Transmutations
 + Level 1.0 Fire Magic
 + Level 1.0 Ice Magic
 + Level 1.0 Air Magic
 + Level 1.0 Earth Magic
 + Level 1.0 Poison Magic
 + Level 1.4 Invocations
 + Level 1.2 Evocations


You had 5 spell levels left.
You didn't know any spells.
Your spell library was empty.

Dungeon Overview and Level Annotations

Branches:
Dungeon (5/15)
 Temple: D:4-7

Altars:

Annotations:
D:5 Eustachio, Menkaure, Prince Ribbit


Innate Abilities, Weirdness & Mutations

You have very sharp teeth.
Your uncanny sense of smell can sniff out nearby items.
Your experience applies equally to all skills.


Message History

You kill the orc!
The orc closely misses you.
An orc wizard comes into view. It is wielding a +0 dagger.
The orc hits you with a +0 mace.
There is a stone staircase leading up here.
Things that are here:
a +1 hand axe of draining; 8 gold pieces You hit the orc.
The orc is poisoned.
The orc is heavily wounded.
The orc hits you but does no damage.
You hit the orc.
You kill the orc!
The orc wizard misses you.
You completely miss the orc wizard.
The orc wizard hits you with a +0 dagger.
You closely miss the orc wizard.
The orc wizard hits you with a +0 dagger.
* * * LOW HITPOINT WARNING * * *
You hit the orc wizard.
The orc wizard is poisoned.
The orc wizard is moderately wounded.
The orc wizard closely misses you.
You closely miss the orc wizard.
The orc wizard is heavily wounded.
The orc wizard casts a spell at you. The magic dart hits you.
* * * LOW HITPOINT WARNING * * *
You barely miss the orc wizard.
The orc wizard is heavily wounded.
The orc wizard hits you with a +0 dagger.
* * * LOW HITPOINT WARNING * * *
You closely miss the orc wizard.
The orc wizard is severely wounded.
You barely miss the orc wizard.
You bite the orc wizard, but do no damage.
The orc wizard is severely wounded.
The orc wizard hits you with a +0 dagger.
* * * LOW HITPOINT WARNING * * *
The orc wizard attacks as you move away!
The orc wizard hits you with a +0 dagger.
You die...

.≈.#......######
.≈≈#....(.>.....
...⌠§§....######
.≈≈#..........#
o..♣#......###...
≈#♣##..)...# . §§
#...<).(##.#
⌠#####.......#
.......o@..^.#.#
................#
######..<##..###.
##.## ?.# #.#
.... ..# .### ###


You could see an orc wizard (very poisoned).

Vanquished Creatures
  An ogre (D:5)
  An adder (D:3)
  6 orcs
  A ball python (D:3)
  A goblin (D:3)
  A kobold (D:3)
  A bat (D:3)
12 creatures vanquished.

Notes
Turn   | Place    | Note
-------+----------+-------------------------------------------
     0 | D:5      | Reached skill level 9 in Stealth
     0 | D:5      | DocClef the Gnoll Delver began the quest for the Orb.
     0 | D:5      | Reached XP level 1. HP: 23/23 MP: 1/1
    21 | D:5      | Noticed an ogre
    26 | D:5      | Killed an ogre
    27 | D:5      | Reached skill level 1 in Long Blades
    27 | D:5      | Reached skill level 1 in Axes
    27 | D:5      | Reached skill level 1 in Maces & Flails
    27 | D:5      | Reached skill level 1 in Polearms
    27 | D:5      | Reached skill level 1 in Staves
    27 | D:5      | Reached skill level 1 in Slings
    27 | D:5      | Reached skill level 1 in Bows
    27 | D:5      | Reached skill level 1 in Crossbows
    27 | D:5      | Reached skill level 1 in Throwing
    27 | D:5      | Reached skill level 1 in Armour
    27 | D:5      | Reached skill level 1 in Shields
    27 | D:5      | Reached skill level 1 in Unarmed Combat
    27 | D:5      | Reached skill level 1 in Spellcasting
    27 | D:5      | Reached skill level 1 in Invocations
    27 | D:5      | Reached skill level 1 in Evocations
    27 | D:5      | Reached XP level 2. HP: 29/29 MP: 1/3
    27 | D:5      | Reached XP level 3. HP: 35/35 MP: 1/4
    27 | D:5      | Reached XP level 4. HP: 41/41 MP: 1/5
    91 | D:5      | Noticed Menkaure
    94 | D:5      | Noticed Prince Ribbit
    95 | D:5      | Noticed a black bear
   108 | D:5      | Noticed Eustachio
   118 | D:4      | Noticed an orc warrior
   161 | D:3      | Reached skill level 1 in Conjurations
   161 | D:3      | Reached skill level 1 in Hexes
   161 | D:3      | Reached skill level 1 in Summonings
   161 | D:3      | Reached skill level 1 in Necromancy
   161 | D:3      | Reached skill level 1 in Translocations
   161 | D:3      | Reached skill level 1 in Transmutations
   161 | D:3      | Reached skill level 1 in Fire Magic
   161 | D:3      | Reached skill level 1 in Ice Magic
   161 | D:3      | Reached skill level 1 in Air Magic
   161 | D:3      | Reached skill level 1 in Earth Magic
   161 | D:3      | Reached skill level 1 in Poison Magic
   306 | D:3      | Slain by an orc wizard

Illustrated notes

Levels and vault maps discovered:
D:3:      layout_loops_ring, xom_redecorated, serial_shops, nicolae_square_shop,
          minmay_hedge_maze
D:4:      layout_basic, nicolae_hepliaklqana_ecumenical_no_more,
          minmay_temple_entry_tees, serial_shops, shop
D:5:      layout_basic, mainiacjoe_overflow_catwalk, mainiacjoe_overflow_paths,
          lemuel_tele_altar, uniq_prince_ribbit1, uniq_menkaure, uniq_eustachio

Skill      XL: |  1  2  3  4 |
---------------+-------------+-----
Stealth        | |  9.6
Long Blades    | 1 |  1.2
Axes           | 1 |  1.2
Maces & Flails | 1 |  1.2
Polearms       | 1 |  1.2
Staves         | 1 |  1.2
Slings         | 1 |  1.2
Bows           | 1 |  1.2
Crossbows      | 1 |  1.2
Throwing       | 1 |  1.2
Armour         | 1 |  1.2
Shields        | 1 |  1.2
Unarmed Combat | 1 |  1.2
Spellcasting   | 1 |  1.2
Invocations    | 1 |  1.4
Evocations     | 1 |  1.2
Conjurations   | 1 |  1.0
Hexes          | 1 |  1.0
Summonings     | 1 |  1.0
Necromancy     | 1 |  1.0
Translocations | 1 |  1.0
Transmutations | 1 |  1.0
Fire Magic     | 1 |  1.0
Ice Magic      | 1 |  1.0
Air Magic      | 1 |  1.0
Earth Magic    | 1 |  1.0
Poison Magic   | 1 |  1.0
Fighting       | |  6.6
Short Blades   | |  4.7
Dodging        | |  4.7

Action                   |  1- 3 |  4- 6 || total
-------------------------+-------+-------++-------
Melee: Short sword       |     1 |    44 ||    45
       Bite              |       |     4 ||     4
       Punch             |       |     1 ||     1
 Stab: Sleeping          |     1 |       ||     1
Armor: Leather armour    |       |    11 ||    11
Dodge: Dodged            |       |    32 ||    32

Table legend: (Time is in decaauts)
 A = Elapsed time spent in this place.
 B = Non-inter-level travel time spent in this place.
 C = Inter-level travel time spent in this place.
 D = Time resting spent in this place.
 E = Time spent auto-exploring this place.
 F = Levels seen in this place.
 G = Mean time per level.
                   A        B        C        D        E       F      G
               +--------+--------+--------+--------+--------+-----+--------+
         Total |    299 |    299 |      0 |     85 |     97 |   3 |   99.7 |
       Dungeon |    299 |    299 |      0 |     85 |     97 |   3 |   99.7 |
               +--------+--------+--------+--------+--------+-----+--------+

Top non-repeatable levels by time:
     D:3: 157 daAuts
     D:5: 109 daAuts
     D:4: 32 daAuts
